 Dungeon Crawl Stone Soup version 0.28-a0-1616-g050a50673c (webtiles) character file.

Game seed: 13680532568251506859

1 porpoise the Sneak (level 1, -1/18 HPs)
             Began as a Demonspawn Delver on Jan 23, 2022.
             Slain by a gnoll (5 damage)
             ... on level 5 of the Dungeon.
             The game lasted 00:01:09 (71 turns).

porpoise the Sneak (Demonspawn Delver)                Turns: 71, Time: 00:01:10

Health: -1/18      AC:  3    Str: 12    XL:     1   Next: 16%
Magic:  1/1        EV: 11    Int: 11    God:
Gold:   0          SH:  0    Dex: 14    Spells: 0/0 levels left

rFire   . . .      SeeInvis .   a - +0 mace
rCold   . . .      Faith    .   (no shield)
rNeg    . . .      Spirit   .   h - +0 leather armour
rPois   .          Reflect  .   (no helmet)
rElec   .          Harm     .   (no cloak)
rCorr   .          Rampage  .   (no gloves)
Will    .....                   (no boots)
Stlth   ++........              (no amulet)
HPRegen 0.06/turn               (no ring)
MPRegen 0.07/turn               (no ring)

@: lethally poisoned (-1 -> -7)
A: no striking features
a: no special abilities


You were on level 5 of the Dungeon.
You visited 1 branch of the dungeon, and saw 2 of its levels.

Inventory:

Hand Weapons
 a - a +0 mace (weapon)
 b - a +0 hunting sling
Armour
 h - a +0 leather armour (worn)
Wands
 g - a wand of digging (3)
Scrolls
 c - a scroll of fog
 d - a scroll of magic mapping
 e - a scroll of fear
Potions
 f - 2 potions of haste


   Skills:
 + Level 3.0 Fighting
 + Level 1.8 Maces & Flails
 - Level 1.7 Dodging
 + Level 4.5 Stealth


You couldn't memorise any spells.
You didn't know any spells.
Your spell library was empty.

Dungeon Overview and Level Annotations

Branches:
Dungeon (5/15)
 Temple: D:4-7

Altars:


Message History

You climb upwards.
The ogre shouts!
The goblin shouts!
The adder hisses angrily.
You hear a shout!
Found four items.
Found a stone staircase leading up.
There is a stone staircase leading down here.
The goblin completely misses you.
You climb downwards.
There is a stone staircase leading up here.
You hit the goblin.
The goblin is heavily wounded.
The goblin hits you with a +0 dagger.
You hit the goblin.
The goblin is severely wounded.
The goblin hits you but does no damage.
You sock the goblin!
You kill the goblin!
You start resting.
HP restored.
There is a stone staircase leading up, spattered with blood here.
You see here a +0 dagger.
You climb upwards.
The ball python barely misses you. The ball python grabs you.
The ball python constricts you. The ball python bites you.
The ball python constricts you.
The gnoll shouts!
There is a stone staircase leading down here.
You escape the ball python's grasp.
The orc shouts!
The kobold hits you with a +2 dagger of venom.
You are poisoned.
The gnoll hits you with a +0 club. The worm closely misses you.
The ball python closely misses you. The ball python barely misses you.
You climb downwards.
You feel very sick.
There is a stone staircase leading up, spattered with blood here.
You see here a +0 dagger.
Okay, then.
Unknown command.
You are too injured to fight recklessly!
* * * LOW HITPOINT WARNING * * *
You feel sick. The kobold barely misses you. The gnoll hits you with a +0 club.
You die...

## #. .###
#.. ...###..
....#.#
##....#
##.....#
#..gw..##
##.<@....##
#..S.K....#
#.........#
#.........#
#..........#
##.........#
##.........#
#..##......#
#.## ###...


You could see a worm, a gnoll, a ball python and a kobold.

Vanquished Creatures
  A goblin (D:5)
1 creature vanquished.

Notes
Turn   | Place    | Note
-------+----------+-------------------------------------------
     0 | D:5      | porpoise the Demonspawn Delver began the quest for the Orb.
     0 | D:5      | Reached XP level 1. HP: 18/18 MP: 1/1
    56 | D:4      | Noticed an ogre
    68 | D:4      | Noticed an orc wizard
    71 | D:5      | Slain by a gnoll

Illustrated notes

Levels and vault maps discovered:
D:4:      layout_loops_ring, minmay_misc_feat_rows, st_stairs_4,
          lightli_corner_chamber, uniq_blork_the_orc
D:5:      layout_cave_pods, mainiacjoe_overflow_small_starburst,
          grunt_tough_drop

Action                   || total
-------------------------++-------
Melee: Mace              ||     3
Armor: Leather armour    ||     1
Dodge: Dodged            ||     6

Table legend: (Time is in decaauts)
 A = Elapsed time spent in this place.
 B = Non-inter-level travel time spent in this place.
 C = Inter-level travel time spent in this place.
 D = Time resting spent in this place.
 E = Time spent auto-exploring this place.
 F = Levels seen in this place.
 G = Mean time per level.
                   A        B        C        D        E       F      G
               +--------+--------+--------+--------+--------+-----+--------+
         Total |     73 |     73 |      0 |      4 |      3 |   2 |   36.5 |
       Dungeon |     73 |     73 |      0 |      4 |      3 |   2 |   36.5 |
               +--------+--------+--------+--------+--------+-----+--------+

Top non-repeatable levels by time:
     D:5: 69 daAuts
     D:4: 4 daAuts
